[Event "Team 45 45 League T25"]
[Site "Internet Chess Club"]
[Date "2005.01.01"]
[Round "3"]
[White "GolferBob"]
[Black "gartman"]
[Result "1-0"]
[WhiteElo "1744"]
[BlackElo "1670"]
[TimeControl "2700+45"]

1. d4 Nf6 2. Nf3 e6 3. Bg5 b6 4. e3 Bb7 5. Nbd2 c5 6. c3 Be7 7. Bd3 d5 8. O-O
Nbd7 9. Rc1 O-O 10. a3 Rc8 11. Bf4 Nh5 12. Be5 Nhf6 13. Bb1 Ne4 14. Bf4 Ndf6 15.
Nxe4 Nxe4 16. Nd2 Nxd2 17. Qxd2 cxd4 18. Qd3 g6 19. exd4 Bg5 20. Bxg5 Qxg5 21.
Rcd1 Bc6 22. Bc2 Rc7 23. Rfe1 b5 24. Qe3 Qe7 25. Qe5 a5 26. h4 b4 27. h5 bxa3
28. h6 f5 29. bxa3 Re8 30. Rb1 Bd7 31. Qxc7 {Black resigns} 1-0

[Event "Team 45 45 League T25"]
[Site "Internet Chess Club"]
[Date "2005.01.02"]
[Round "3"]
[White "PostMike"]
[Black "hoyd"]
[Result "0-1"]
[WhiteElo "1627"]
[BlackElo "1621"]
[TimeControl "2700+45"]

1. e4 c5 2. Nf3 Nc6 3. d4 cxd4 4. Nxd4 g6 5. Nc3 Bg7 6. Be3 Nf6 7. f3 O-O 8. Qd2
d5 9. exd5 Nxd5 10. O-O-O Nxe3 11. Qxe3 Nxd4 12. Nb5 Nf5 13. Qc5 Bh6+ {White
resigns} 0-1

[Event "Team 45 45 League T25"]
[Site "Internet Chess Club"]
[Date "2005.01.04"]
[Round "3"]
[White "ChessicStudent"]
[Black "Eatfatty"]
[Result "1/2-1/2"]
[WhiteElo "1489"]
[BlackElo "1540"]
[TimeControl "2700+45"]

1. Nf3 Nf6 2. g3 d5 3. Bg2 c5 4. O-O Nc6 5. d3 e5 6. e4 d4 7. a4 Be7 8. Na3 O-O
9. Nc4 Qc7 10. Ne1 Be6 11. b3 Bd6 12. Bg5 Nd7 13. Nxd6 Qxd6 14. f4 f6 15. fxe5
Ncxe5 16. Bf4 b6 17. Qh5 Bf7 18. Qe2 Be6 19. Qh5 {Game drawn by mutual
agreement} 1/2-1/2

[Event "Team 45 45 League T25"]
[Site "Internet Chess Club"]
[Date "2005.01.02"]
[Round "3"]
[White "Bookkeeper"]
[Black "MrEvill"]
[Result "1-0"]
[WhiteElo "1451"]
[BlackElo "1364"]
[TimeControl "2700+45"]

1. d4 d5 2. Nf3 Nf6 3. e3 g6 4. Nbd2 Bg7 5. Bd3 Nbd7 6. O-O O-O 7. e4 dxe4 8.
Nxe4 Re8 9. c3 Nxe4 10. Bxe4 Nf6 11. Bc2 b6 12. h3 Bb7 13. Re1 Rc8 14. Ba4 c6
15. Ne5 b5 16. Bb3 e6 17. Bg5 h6 18. Bh4 Qc7 19. Bg3 Qd8 20. Qe2 Nh5 21. Bh2 c5
22. Qxb5 Qb6 23. Ba4 Qxb5 24. Bxb5 Re7 25. Rad1 cxd4 26. Rxd4 Nf6 27. Red1 Nd5
28. c4 f6 29. Nxg6 e5 30. Nxe7+ Nxe7 31. Rd7 {Black resigns} 1-0

[Event "Team 45 45 League T25"]
[Site "Internet Chess Club"]
[Date "2005.01.03"]
[Round "3"]
[White "SilentIndian"]
[Black "Steinwitz"]
[Result "0-1"]
[WhiteElo "1744"]
[BlackElo "1865"]
[TimeControl "2700+45"]

1. Nf3 d5 2. d4 c5 3. c4 e6 4. cxd5 exd5 5. Nc3 cxd4 6. Nxd4 Nc6 7. Bf4 a6 8.
Qa4 Ne7 9. Ndb5 axb5 10. Qxa8 Ng6 11. Bd2 Bb4 12. O-O-O O-O 13. Nxb5 Qb6 14.
Bxb4 Nxb4 15. Qa3 Qxb5 16. e3 Qc5+ {White resigns} 0-1

[Event "Team 45 45 League T25"]
[Site "Internet Chess Club"]
[Date "2005.01.01"]
[Round "3"]
[White "john-beebs"]
[Black "maclem279"]
[Result "1/2-1/2"]
[WhiteElo "1504"]
[BlackElo "1558"]
[TimeControl "2700+45"]

1. e4 e6 2. d4 d5 3. Nc3 Bb4 4. exd5 exd5 5. Qf3 Qe7+ 6. Be3 Nf6 7. h3 Nc6 8.
Bb5 Bd7 9. Bxc6 Bxc6 10. Ne2 Ne4 11. O-O Bxc3 12. Nxc3 Nxc3 13. bxc3 Bb5 14.
Rfe1 O-O 15. Qxd5 Bc6 16. Qg5 Qe4 17. Qg3 Qxc2 18. Bh6 Qg6 19. Bf4 Qxg3 20. Bxg3
Rfe8 21. Bxc7 Rxe1+ 22. Rxe1 Re8 23. Rxe8+ Bxe8 24. c4 f5 25. g4 fxg4 26. hxg4
Bf7 27. d5 Kf8 28. d6 Ke8 29. c5 Bxa2 30. f4 Kd7 31. f5 b6 {Game drawn by mutual
agreement} 1/2-1/2

[Event "Team 45 45 League T25"]
[Site "Internet Chess Club"]
[Date "2005.01.02"]
[Round "3"]
[White "SpeedBlade"]
[Black "Gomer"]
[Result "0-1"]
[WhiteElo "1395"]
[BlackElo "1337"]
[TimeControl "2700+45"]

1. c4 e6 2. g3 Nf6 3. Bg2 d5 4. Nf3 Bd6 5. O-O dxc4 6. Qa4+ Bd7 7. Qxc4 O-O 8.
d4 Qe8 9. Qc2 Nc6 10. Nc3 e5 11. dxe5 Nxe5 12. Nxe5 Qxe5 13. Bf4 Qf5 14. Qxf5
Bxf5 15. Bxd6 cxd6 16. Rfd1 Rfd8 17. Rd2 Rd7 18. Rad1 Rad8 19. Bxb7 Rxb7 20.
Rxd6 Rbd7 21. Rxd7 Nxd7 22. Nb5 Bc2 23. Rd2 Ba4 24. Nxa7 Ra8 25. b3 Rxa7 26.
bxa4 h6 27. Rd4 Nc5 28. a5 Rxa5 29. Rd5 Rb5 30. Kg2 Kf8 31. Kf3 Ke7 32. e4 Ra5
33. Kf4 Ne6+ 34. Ke5 Rxa2 35. f4 f6+ 36. Kf5 Rxh2 37. Kg6 Rg2 38. Rd3 Nc5 39.
Re3 h5 40. Kxg7 h4 41. Re1 h3 42. Kh6 h2 43. Rh1 Nxe4 44. Kh5 Nxg3+ 45. Kh4 Nxh1
46. Kh3 Ra2 47. Kg4 Nf2+ 48. Kf5 h1=Q {White resigns} 0-1

[Event "Team 45 45 League T25"]
[Site "Internet Chess Club"]
[Date "2005.01.03"]
[Round "3"]
[White "bobhill"]
[Black "Anechka"]
[Result "1-0"]
[WhiteElo "2072"]
[BlackElo "2213"]
[TimeControl "2700+45"]

1. d4 Nf6 2. Nf3 g6 3. Bg5 Bg7 4. Nbd2 d5 5. e3 O-O 6. Be2 Nbd7 7. O-O c6 8. c3
Re8 9. Qc2 e5 10. dxe5 Nxe5 11. Nxe5 Rxe5 12. Nf3 Re8 13. h3 Qb6 14. Bf4 Bf5 15.
Qb3 Ne4 16. Rfe1 Nc5 17. Qxb6 axb6 18. Nd4 Bd3 19. a3 Bxe2 20. Rxe2 Ne6 21. Nxe6
fxe6 22. Bc7 b5 23. e4 d4 24. cxd4 Bxd4 25. e5 b4 26. Rd1 bxa3 27. bxa3 c5 28.
Rb1 Re7 29. Bd6 Rf7 30. Rb5 Rc8 31. Rd2 Rc6 32. g3 b6 33. Kg2 Ra7 34. Rd3 Ra4
35. Rf3 c4 36. Rf8+ Kg7 37. Rf4 c3 38. Bf8+ Kg8 39. Bh6 Rc8 40. Rxb6 Bxb6 41.
Rxa4 c2 42. Bc1 Kf7 43. Rb4 Rc6 44. a4 Ke7 45. Re4 Ba5 46. Kf1 Rc5 47. Ke2 Rd5
48. f4 Rd1 49. Ba3+ Kd7 50. Rc4 Re1+ 51. Kf3 Bb6 52. Rc3 Rd1 53. Kg4 Rd2 54. Bc1
Rf2 55. Rd3+ Ke8 56. Rd2 Rxd2 57. Bxd2 Ba5 58. Bc1 Kd7 59. Kf3 Kc6 60. Ke2 Kc5
61. Kd3 Kb4 62. Kxc2 Kxa4 63. Kd3 Kb5 64. Ke4 Kc6 65. g4 Kd7 66. Ba3 Bd8 67. f5
exf5+ 68. gxf5 gxf5+ 69. Kxf5 Ke8 70. Ke6 Bh4 71. Bc5 Bg5 72. Bf2 h6 73. h4 Bf4
74. h5 Bg5 75. Bg3 Kf8 76. Kd7 Kg7 77. e6 Kf8 78. Bd6+ Kg7 79. Be7 Be3 80. Bf8+
{Black resigns} 1-0

[Event "Team 45 45 League T25"]
[Site "Internet Chess Club"]
[Date "2005.01.02"]
[Round "3"]
[White "Catalog"]
[Black "BaroneRosso"]
[Result "1/2-1/2"]
[WhiteElo "2115"]
[BlackElo "1991"]
[TimeControl "2700+45"]

1. d4 Nf6 2. c4 g6 3. Nc3 Bg7 4. e4 d6 5. Be2 O-O 6. Nf3 e5 7. d5 Na6 8. Bg5 h6
9. Bh4 g5 10. Bg3 Nxe4 11. Nxe4 f5 12. Nc3 f4 13. Qc2 Nc5 14. Nd2 Bf5 15. Nde4
a5 16. f3 fxg3 17. hxg3 Qe8 18. g4 Bxe4 19. Nxe4 Nxe4 20. Qxe4 Rf4 21. Qc2 e4
22. O-O-O exf3 23. gxf3 Qe3+ 24. Qd2 Re8 25. Qxe3 Rxe3 26. Kd2 Re7 27. b3 Bc3+
28. Kxc3 Rxe2 29. Rxh6 Rxf3+ 30. Kd4 Rf4+ 31. Kd3 Rxa2 32. Rg6+ Kf7 33. Rxg5 Rg2
34. Rf5+ Rxf5 35. gxf5 Rf2 36. Ra1 b6 37. Rh1 Kg7 38. Rh5 Rb2 39. Kc3 Rf2 40.
Rg5+ Kf6 41. Rg8 Rxf5 42. Rc8 Ke5 43. Rxc7 Rf3+ 44. Kb2 Rf2+ 45. Ka3 b5 46. cxb5
Kxd5 47. b6 Rf4 48. Ra7 Kc6 49. Rxa5 Kxb6 50. b4 Rf1 51. Kb3 Rf3+ 52. Ka4 Rf1
53. Rh5 Ra1+ 54. Kb3 Rb1+ 55. Ka3 Rd1 56. Kb3 Rb1+ 57. Kc4 Rc1+ 58. Kd5 Rb1 59.
Kc4 Rc1+ {Game drawn by mutual agreement} 1/2-1/2

[Event "Team 45 45 League T25"]
[Site "Internet Chess Club"]
[Date "2005.01.03"]
[Round "3"]
[White "Beetlejuice"]
[Black "DTK"]
[Result "1/2-1/2"]
[WhiteElo "1907"]
[BlackElo "1947"]
[TimeControl "2700+45"]

1. d4 Nf6 2. Nf3 c5 3. e3 e6 4. Bd3 d5 5. c3 Nc6 6. Nbd2 Qb6 7. O-O Be7 8. Qe2
O-O 9. dxc5 Bxc5 10. e4 Re8 11. e5 Nd7 12. Nb3 f5 13. Nxc5 Qxc5 14. Be3 Qf8 15.
Bd4 Nc5 16. Bc2 Bd7 17. Qe3 Nxd4 18. Nxd4 b6 19. b4 Nb7 20. Rac1 Rec8 21. Qd2
Nd8 22. f4 Nc6 23. Rfd1 Nxd4 24. Qxd4 Rc4 25. Qe3 Rac8 26. Bb3 R4c7 27. a3 Bb5
28. Re1 Bc4 29. Ba4 b5 30. Bd1 Qe7 31. Kf2 Rc6 32. Qd2 a5 33. Qe3 axb4 34. axb4
Qc7 35. g4 g6 36. gxf5 exf5 37. Rg1 Kf7 38. h4 Qe7 39. h5 Qh4+ 40. Qg3 Qxg3+ 41.
Rxg3 Ra8 42. hxg6+ hxg6 43. Ke3 Ra2 44. Bf3 Bb3 45. Kd4 {Game drawn by mutual
agreement} 1/2-1/2

[Event "Team 45 45 League T25"]
[Site "Internet Chess Club"]
[Date "2004.12.31"]
[Round "3"]
[White "Rainbird"]
[Black "camembert"]
[Result "0-1"]
[WhiteElo "1660"]
[BlackElo "1895"]
[TimeControl "2700+45"]

1. Nf3 Nf6 2. c4 e6 3. g3 d5 4. Bg2 dxc4 5. Qc2 c5 6. Na3 Nc6 7. Nxc4 Qc7 8. d3
Nd5 9. a3 b5 10. Ne3 Bb7 11. O-O Bd6 12. Nxd5 exd5 13. Qb3 Na5 14. Qxb5+ Bc6 15.
Qa6 Nb3 16. Rb1 Rb8 {White resigns} 0-1

[Event "Team 45 45 League T25"]
[Site "Internet Chess Club"]
[Date "2005.01.02"]
[Round "3"]
[White "A-Ru"]
[Black "Vombat"]
[Result "0-1"]
[WhiteElo "1962"]
[BlackElo "2176"]
[TimeControl "2700+45"]

1. d4 Nf6 2. Nf3 g6 3. Nc3 d5 4. Bf4 Bg7 5. e3 O-O 6. Ne5 Nh5 7. Be2 Nxf4 8.
exf4 c6 9. Qd2 Qb6 10. O-O-O a5 11. h3 a4 12. a3 Nd7 13. g4 Nxe5 14. fxe5 f6 15.
f4 Be6 16. Qe3 fxe5 17. fxe5 Rfc8 18. Bf3 Qc7 19. g5 Bf5 20. Bg4 e6 21. Bxf5
gxf5 22. Rde1 c5 23. h4 cxd4 24. Qxd4 Qc4 25. Qxc4 Rxc4 26. Re2 d4 27. Na2 d3
28. Re3 Rxc2+ 29. Kb1 Rd8 30. Nb4 Rd2 31. Kc1 Re2 32. Rxd3 Rc8+ 33. Kd1 Rxb2 34.
Re1 Rb1+ 35. Kd2 Rxe1 36. Kxe1 Bxe5 37. Kd1 Rc3 38. Rd8+ Kf7 39. h5 Rxa3 40.
Rd7+ Kg8 41. Rd8+ Kf7 42. Rd7+ Ke8 43. Rxh7 Rb3 44. Nc2 a3 45. g6 a2 46. g7 Kf7
47. h6 Rd3+ 48. Ke2 Rd8 49. g8=Q+ Kxg8 50. Rxb7 Rc8 {White resigns} 0-1

[Event "Team 45 45 League T25"]
[Site "Internet Chess Club"]
[Date "2005.01.02"]
[Round "3"]
[White "DavidBarnsley"]
[Black "Scotty2Cues"]
[Result "1-0"]
[WhiteElo "1959"]
[BlackElo "1777"]
[TimeControl "2700+45"]

1. e4 c5 2. c3 d5 3. exd5 Qxd5 4. d4 cxd4 5. cxd4 Nf6 6. Nc3 Qd8 7. Nf3 e6 8.
Bd3 Be7 9. O-O O-O 10. a3 Bd7 11. Ne5 Nc6 12. Be3 Qc7 13. Bf4 Qb6 14. Nxd7 Nxd7
15. Be3 Qd8 16. d5 exd5 17. Nxd5 Nde5 18. Bc2 Ng6 19. f4 Re8 20. Qh5 Bf6 21.
Rad1 Rxe3 22. Nxe3 Qb6 23. Rfe1 Re8 24. Bxg6 hxg6 25. Qf3 Bd4 26. Rd3 Qxb2 27.
Kh1 Bc3 28. Re2 Qa1+ 29. Rd1 Nd4 30. Qf1 Qxa3 31. Nc2 Qf8 32. Rxe8 Qxe8 33. Nxd4
b5 34. Nxb5 {Black resigns} 1-0

[Event "Team 45 45 League T25"]
[Site "Internet Chess Club"]
[Date "2004.12.31"]
[Round "3"]
[White "OxidisedLizard"]
[Black "Chief-Justice"]
[Result "1/2-1/2"]
[WhiteElo "1746"]
[BlackElo "1884"]
[TimeControl "2700+45"]

1. e4 c6 2. d4 d5 3. f3 e6 4. e5 c5 5. c3 Nc6 6. Be3 Qb6 7. Qd2 Bd7 8. Ne2 Rc8
9. f4 Nh6 10. dxc5 Bxc5 11. Bxc5 Qxc5 12. Na3 Nf5 13. Nc2 a6 14. Ned4 Ncxd4 15.
Nxd4 Nxd4 16. Qxd4 Ke7 17. Qxc5+ Rxc5 18. Bd3 Bb5 19. Bxb5 Rxb5 20. b3 Rc8 21.
Kd2 a5 22. Rab1 Rbc5 23. Rhc1 Ra8 24. Rc2 b5 25. Rbc1 a4 26. g3 h6 27. Kd3 Kf8
28. Rf1 g6 29. Rb1 Kg7 30. Rf1 h5 31. h3 Ra7 32. h4 f6 33. Re1 Rac7 34. bxa4 b4
35. Rec1 fxe5 36. cxb4 e4+ 37. Kd2 Rxc2+ 38. Rxc2 Ra7 39. a5 {Game drawn by
mutual agreement} 1/2-1/2

[Event "Team 45 45 League T25"]
[Site "Internet Chess Club"]
[Date "2004.12.29"]
[Round "3"]
[White "forquesato"]
[Black "jongalt97"]
[Result "0-1"]
[WhiteElo "1754"]
[BlackElo "1778"]
[TimeControl "2700+45"]

1. e4 e6 2. d4 d5 3. exd5 exd5 4. Nf3 Bg4 5. Be2 Bd6 6. O-O Nc6 7. Nc3 Nge7 8.
Nb5 a6 9. Nxd6+ Qxd6 10. Re1 O-O 11. b3 Rfe8 12. Bb2 Ng6 13. Nd2 Bxe2 14. Rxe2
Qd7 15. Nf3 Rxe2 16. Qxe2 Re8 17. Qd2 f6 18. Re1 Rxe1+ 19. Qxe1 Qe7 20. Qxe7
Ngxe7 21. Ba3 Kf7 22. Kf1 a5 23. c3 b5 24. Bc5 Ke6 25. Ke2 a4 26. bxa4 bxa4 27.
Kd3 Na5 28. Nd2 Nec6 29. c4 dxc4+ 30. Nxc4 Kd5 31. Nxa5 Nxa5 32. Kc3 Nc6 33. Bf8
g6 34. Bg7 f5 35. Be5 Nxe5 36. dxe5 Kxe5 37. Kc4 Ke4 38. Kb4 Kd4 39. Kxa4 c5 40.
Kb3 Kd3 41. Kb2 c4 42. Kc1 Kc3 43. f4 Kb4 44. Kc2 Ka3 45. Kc3 Kxa2 46. Kxc4 Kb2
47. Kd3 Kc1 48. Ke2 Kc2 49. Kf3 Kd3 50. g4 Kd4 51. g5 Kd3 52. Kg3 Ke3 53. h3 Ke4
54. h4 Ke3 55. h5 Ke4 56. hxg6 hxg6 57. Kh4 {White resigns} 0-1

[Event "Team 45 45 League T25"]
[Site "Internet Chess Club"]
[Date "2005.01.04"]
[Round "3"]
[White "room-matt"]
[Black "steve"]
[Result "0-1"]
[WhiteElo "1899"]
[BlackElo "1979"]
[TimeControl "2700+45"]

1. e4 c5 2. Nf3 Nc6 3. d4 cxd4 4. Nxd4 Nf6 5. Nc3 e5 6. Ndb5 d6 7. Bg5 a6 8.
Bxf6 gxf6 9. Na3 f5 10. Qh5 b5 11. Naxb5 axb5 12. Bxb5 Bb7 13. Bc4 Qf6 14. Nd5
Qg6 15. Qxg6 fxg6 16. Nc7+ Kd8 17. Nxa8 Bxa8 18. Bd5 Kc7 19. O-O-O Bh6+ 20. Kb1
fxe4 21. Bxe4 Nb4 22. Rhe1 Bc6 23. a3 Na6 24. h4 Nc5 25. Bxc6 Kxc6 26. b4 Ne6
27. c4 Nd4 28. Rd3 Rf8 29. f3 Bf4 30. Rh1 h5 31. Rh3 Nf5 32. Kb2 Bg3 33. Rd5 Bf2
34. b5+ Kc7 35. Kb3 Nd4+ 36. Kb2 Ne6 37. Rd2 Bd4+ 38. Ka2 Ra8 39. Rh1 Bc5 40.
Rd3 Nf4 41. Rb3 Nxg2 42. Rhb1 Kb6 43. Rh1 Ne3 44. Rc1 Rf8 45. Rbc3 Rxf3 46. Kb3
Rf8 47. a4 Ra8 48. Rg1 Ng4 49. Rf1 e4 50. Rf4 Re8 51. Rc1 Be3 {White resigns}
0-1

[Event "Team 45 45 League T25"]
[Site "Internet Chess Club"]
[Date "2005.01.02"]
[Round "3"]
[White "ears"]
[Black "chessateer"]
[Result "0-1"]
[WhiteElo "1728"]
[BlackElo "1860"]
[TimeControl "2700+45"]

1. e4 e5 2. Nf3 Nf6 3. Nc3 Bb4 4. d3 O-O 5. Be2 Re8 6. Bg5 h6 7. Bd2 d5 8. Nxd5
Bxd2+ 9. Nxd2 Nxd5 10. exd5 Qxd5 11. Bf3 Qa5 12. O-O Nc6 13. Bxc6 bxc6 14. b3
Bb7 15. f3 Rad8 16. Qe2 f5 17. Nc4 Qc3 18. Qd2 Qd4+ 19. Qf2 c5 20. Qxd4 cxd4 21.
Rfe1 e4 22. Kf2 e3+ 23. Kg1 g5 24. h3 h5 25. Kf1 f4 26. Ke2 g4 27. hxg4 hxg4 28.
Rh1 Rd7 29. Rag1 Rg7 30. Nb2 Re6 31. Nc4 Reg6 32. Ne5 gxf3+ 33. Nxf3 Rxg2+
{White resigns} 0-1

[Event "Team 45 45 League T25"]
[Site "Internet Chess Club"]
[Date "2005.01.02"]
[Round "3"]
[White "rph"]
[Black "SilentIndian"]
[Result "1/2-1/2"]
[WhiteElo "1800"]
[BlackElo "1756"]
[TimeControl "2700+45"]

1. d4 d5 2. c4 c6 3. Nc3 Nf6 4. Nf3 a6 5. cxd5 cxd5 6. Bf4 Nc6 7. e3 Bg4 8. Be2
e6 9. O-O Bd6 10. Bxd6 Qxd6 11. h3 Bxf3 12. Bxf3 O-O 13. Rc1 Rfc8 14. Na4 Nd7
15. Nc5 Nxc5 16. Rxc5 b6 17. Rc3 Ne7 18. Qd2 Rxc3 19. bxc3 Rc8 20. e4 Qc6 21.
exd5 Nxd5 22. Bxd5 Qxd5 23. Re1 Qc4 24. Re3 h6 25. Rg3 h5 26. Qh6 g6 27. Qxh5
Qxa2 28. Qh6 Qa1+ 29. Kh2 Rxc3 30. Rg4 Rc1 31. Rh4 Rh1+ 32. Kg3 Qc3+ 33. f3 Qc7+
34. Kf2 Qc2+ 35. Kg3 Qc7+ 36. Kg4 f5+ 37. Kg5 Qg7 38. Qxg6 Qxg6+ 39. Kxg6 a5 40.
d5 exd5 41. Kxf5 Rh2 42. Rg4+ Kf7 43. Ke5 b5 44. Kxd5 a4 45. Kc5 a3 46. Kxb5 a2
47. Ra4 Rxg2 48. Kb4 Rh2 49. Kb3 Rxh3 50. Rxa2 {Game drawn by mutual agreement}
1/2-1/2

[Event "Team 45 45 League T25"]
[Site "Internet Chess Club"]
[Date "2005.01.02"]
[Round "3"]
[White "clarnibass"]
[Black "hoyd"]
[Result "1-0"]
[WhiteElo "1711"]
[BlackElo "1608"]
[TimeControl "2700+45"]

1. e4 c5 2. Nc3 Nc6 3. f4 g6 4. Nf3 Bg7 5. Bb5 d6 6. O-O e6 7. Bxc6+ bxc6 8. d3
Ne7 9. Qe1 Rb8 10. e5 dxe5 11. fxe5 Nd5 12. Ne4 O-O 13. Nxc5 Qe7 14. d4 Rb5 15.
Bg5 f6 16. c4 Rxc5 17. exf6 Nxf6 18. dxc5 Qxc5+ 19. Qf2 Qxf2+ 20. Rxf2 Ne4 21.
Re2 Nxg5 22. Nxg5 e5 23. Ne4 Be6 24. b3 h6 25. h3 a5 26. Rf1 Rd8 27. Rd2 Rd4 28.
Rxd4 exd4 29. Nc5 Bc8 30. Rf3 Be5 31. Nd3 Bg7 32. Kf2 Bf5 33. Rxf5 gxf5 34. Kf3
Kf7 35. Kf4 Ke6 36. Nc5+ Kd6 37. Nb7+ Kc7 38. Nxa5 Be5+ 39. Kf3 Kb6 40. b4 c5
41. a3 cxb4 42. axb4 Bf6 43. Nb3 Be5 44. Ke2 Kc6 45. Kd3 h5 46. Nxd4+ Kb6 47.
Nxf5 Bh2 48. g4 hxg4 49. hxg4 Bf4 50. Nd4 Bg5 51. c5+ Kb7 52. Kc4 Bf6 53. b5 Kc7
54. g5 Be5 55. g6 Kb7 56. Nf5 Kc7 57. g7 Bxg7 58. Nxg7 Kb7 59. Kd5 Kc7 60. Ne6+
Kb7 61. Kd6 Ka7 62. Kc7 Ka8 63. Nf8 Ka7 64. b6+ Ka8 65. b7+ Ka7 66. b8=Q+ Ka6
67. Qb6# {Black checkmated} 1-0

[Event "Team 45 45 League T25"]
[Site "Internet Chess Club"]
[Date "2005.01.02"]
[Round "3"]
[White "Pick"]
[Black "DTK"]
[Result "0-1"]
[WhiteElo "1640"]
[BlackElo "1949"]
[TimeControl "2700+45"]

1. d4 Nf6 2. Nf3 d5 3. e3 Bf5 4. c4 e6 5. Ne5 Nbd7 6. Nd2 Bd6 7. f4 Ne4 8. Nxe4
Bxe4 9. Qg4 O-O 10. Nxd7 Qxd7 11. Be2 f5 12. Qg3 Rf6 13. cxd5 Bb4+ 14. Bd2 Bxd2+
15. Kxd2 Qxd5 16. Bf3 Rg6 17. Qf2 c5 18. Bxe4 Qxe4 19. Rhg1 Rd8 20. Qf3 Qxf3 21.
gxf3 Rxg1 22. Rxg1 cxd4 23. e4 Kf7 24. Rc1 Rd7 25. Kd3 fxe4+ 26. fxe4 Kf6 27.
Rc5 b6 28. Rc6 g6 29. h4 h6 30. b4 h5 31. b5 Ke7 32. a4 Rd6 33. Rc8 Rd7 34. Rh8
Kf6 35. e5+ Kf5 36. Rf8+ Kg4 37. Rf6 Kf3 38. Rxe6 Kxf4 39. Rd6 Re7 40. Rxd4+
Kxe5 41. Re4+ Kf6 42. Rxe7 Kxe7 43. Ke4 Ke6 44. Kf4 Kf6 45. Ke4 g5 46. hxg5+
Kxg5 47. Kf3 Kf5 48. Kg3 Ke5 49. Kh4 Kd5 50. Kxh5 Kc4 51. Kg5 Kb4 52. Kf5 Kxa4
53. Ke4 Kxb5 54. Kd3 Kb4 55. Kc2 a5 56. Kb2 b5 57. Ka2 a4 58. Kb2 a3+ 59. Ka2
Ka4 60. Ka1 b4 61. Ka2 b3+ 62. Kb1 Kb4 63. Kc1 Kc3 64. Kb1 b2 65. Ka2 Kc2 {White
resigns} 0-1

[Event "Team 45 45 League T25"]
[Site "Internet Chess Club"]
[Date "2005.01.04"]
[Round "3"]
[White "Irvin"]
[Black "Ciclamino"]
[Result "1/2-1/2"]
[WhiteElo "1803"]
[BlackElo "1641"]
[TimeControl "2700+45"]

1. e4 c6 2. d4 d5 3. Nd2 dxe4 4. Nxe4 Nd7 5. Nf3 Ngf6 6. Ng3 g6 7. c4 Bg7 8. h3
O-O 9. Be3 Qb6 10. Qd2 Re8 11. Be2 c5 12. Rb1 Qb4 13. dxc5 Qxd2+ 14. Nxd2 Ne5
15. Nf3 Nfd7 16. b4 Nxf3+ 17. Bxf3 Ne5 18. Be2 Be6 19. Rc1 Red8 20. f4 Nd3+ 21.
Bxd3 Rxd3 22. Ke2 Ra3 23. Rc2 Rxa2 24. Rc1 Bxc4+ 25. Ke1 Rxc2 26. Rxc2 Bb3 27.
Rc1 Rd8 28. b5 Bd5 29. Kf2 Rc8 30. Ne2 a6 31. bxa6 bxa6 32. Nc3 Bxc3 33. Rxc3
Bc6 34. Ra3 Bb5 35. Bd4 f6 36. g3 {Game drawn by mutual agreement} 1/2-1/2

[Event "Team 45 45 League T25"]
[Site "Internet Chess Club"]
[Date "2005.01.02"]
[Round "3"]
[White "SeniorCitizen"]
[Black "Budzo"]
[Result "0-1"]
[WhiteElo "1443"]
[BlackElo "1700"]
[TimeControl "2700+45"]

1. e4 e6 2. d4 d5 3. Nc3 Bb4 4. e5 c5 5. a3 Bxc3+ 6. bxc3 Ne7 7. Qg4 Qc7 8. Qxg7
Rg8 9. Qxh7 cxd4 10. Qd3 Qxe5+ 11. Qe2 Qc7 12. c4 dxc4 13. Qxc4 Qe5+ 14. Ne2
Nbc6 15. Bb2 Qa5+ 16. c3 dxc3 17. Bxc3 Qc7 18. g3 Nd5 19. Bg2 Nxc3 20. Qxc3 Bd7
21. O-O Rc8 22. Rac1 Qd8 23. Qd3 Ne5 24. Rxc8 Qxc8 25. Qd6 Nc4 26. Qb4 Nb6 27.
Rc1 Qb8 28. Qc5 Kd8 29. Qb4 Nd5 30. Bxd5 exd5 31. Qc5 Bc6 32. Nd4 Qc7 33. Nxc6+
bxc6 34. Qxc6 Qxc6 35. Rxc6 Kd7 36. Ra6 Ra8 37. Kf1 Kc7 38. Ke2 Re8+ 39. Kf3 Kb7
40. Ra4 Rd8 41. Kf4 d4 42. Rb4+ Kc6 43. Rb1 Kc5 44. Ke4 Kc4 45. Rc1+ Kb3 46. Kd3
Kxa3 47. Rc4 Kb3 48. Rxd4 Rxd4+ 49. Kxd4 a5 50. Kd3 a4 51. Kd2 Kb2 {White
resigns} 0-1

[Event "Team 45 45 League T25"]
[Site "Internet Chess Club"]
[Date "2005.01.02"]
[Round "3"]
[White "DeepHmmm"]
[Black "Arshanay"]
[Result "0-1"]
[WhiteElo "2175"]
[BlackElo "2320"]
[TimeControl "2700+45"]

1. d4 Nf6 2. Nf3 g6 3. Nbd2 Bg7 4. e4 O-O 5. Bd3 d6 6. O-O c5 7. c3 cxd4 8. cxd4
Nc6 9. h3 e5 10. dxe5 dxe5 11. Nc4 Nh5 12. Bg5 Bf6 13. Be3 Nf4 14. Bxf4 exf4 15.
e5 Bg7 16. Be4 Be6 17. Nd6 Nxe5 18. Nxb7 Qb6 19. Qd2 Nxf3+ 20. Bxf3 Rab8 21.
Rad1 Rxb7 22. Bxb7 Qxb7 23. b3 f3 24. g4 Qc8 25. Qf4 h5 26. Rc1 Qa6 27. Rc2 hxg4
28. hxg4 Qd3 29. Rd2 Qc3 30. Rfd1 Qe5 31. Qxf3 Qg5 32. Qg2 Bxg4 33. Rd5 Qf4 34.
R1d3 Re8 35. Rd8 Rxd8 36. Rxd8+ Kh7 37. Qh2+ Qxh2+ 38. Kxh2 Be5+ 39. Kg2 Kg7 40.
Rd5 Kf6 41. Ra5 Bd4 42. Ra4 Ke5 43. Kg3 Bd7 44. Rc4 g5 45. Rc7 Be6 46. Rb7 f5
47. f3 f4+ 48. Kg2 g4 49. Rb8 Bd5 50. Re8+ Kf5 51. Rf8+ Kg5 52. Rd8 Bxf3+ 53.
Kf1 Be3 {White resigns} 0-1

[Event "Team 45 45 League T25"]
[Site "Internet Chess Club"]
[Date "2005.01.03"]
[Round "3"]
[White "elnik"]
[Black "Squaredance"]
[Result "0-1"]
[WhiteElo "1918"]
[BlackElo "1943"]
[TimeControl "2700+45"]

1. d4 d5 2. c4 Nc6 3. Nc3 dxc4 4. d5 Ne5 5. f4 Nd7 6. e4 Nb6 7. Nf3 e6 8. Be2
Bc5 9. dxe6 Bxe6 10. f5 Qxd1+ 11. Nxd1 Bd7 12. Be3 Bxe3 13. Nxe3 Nf6 14. Nd2 Bc6
15. e5 Nfd7 16. Ndxc4 Nxc4 17. Nxc4 Bxg2 18. Rg1 Be4 19. Rxg7 Bxf5 20. Rg3 Be6
21. Re3 Rg8 22. Kf2 Rg5 23. Rc1 Bxc4 24. Rxc4 O-O-O 25. e6 fxe6 26. Rxe6 Rf8+
27. Ke1 c6 28. Re7 h6 29. Bg4 Rd8 30. Rh7 h5 31. Rxh5 Rxh5 32. Bxh5 Rh8 33. Bg4
Rxh2 34. Rd4 Rh7 35. Kd1 Kc7 36. Kc2 Ne5 37. Bf5 Rh5 38. Be6 b6 39. a3 a5 40.
Kb3 b5 41. Kc3 Rg5 42. Kb3 Rg3+ 43. Ka2 Rd3 44. Re4 Kd6 45. Bg8 a4 46. Rh4 Rd2
47. Rh6+ Kc7 48. Rh1 Nd3 49. Rb1 c5 50. Bh7 c4 51. Bxd3 cxd3 52. Rc1+ Kd6 53.
Rc3 Kd5 54. Kb1 Kd4 55. Kc1 Ke3 56. Rc8 Rh2 57. Re8+ Kd4 58. Rd8+ Kc4 59. Rc8+
Kb3 60. Rc3+ Ka2 61. Rxd3 Rxb2 62. Rh3 Rb3 63. Kc2 Rxh3 {White resigns} 0-1

[Event "Team 45 45 League T25"]
[Site "Internet Chess Club"]
[Date "2004.12.31"]
[Round "3"]
[White "Neo-Myshkin"]
[Black "azbycx"]
[Result "1/2-1/2"]
[WhiteElo "1827"]
[BlackElo "1863"]
[TimeControl "2700+45"]

1. e4 c5 2. Nc3 Nc6 3. f4 g6 4. Nf3 Bg7 5. Bc4 e6 6. f5 Nge7 7. fxg6 fxg6 8. O-O
O-O 9. Qe1 a6 10. a3 b5 11. Ba2 Bb7 12. d3 Nd4 13. Nxd4 cxd4 14. Ne2 Nc6 15. Qg3
Rxf1+ 16. Kxf1 Qf6+ 17. Kg1 Rf8 18. Bg5 Qe5 19. Qh4 Qc5 20. Rc1 Rf7 21. b4 Qf8
22. h3 a5 23. Bb3 axb4 24. axb4 Nxb4 25. Qg3 Nc6 26. Ra1 Be5 27. Qh4 Bf6 28.
Bxf6 Rxf6 29. Qg5 b4 30. Qb5 Qc8 31. Qb6 Kg7 32. Nxd4 Nxd4 33. Qxd4 Qc3 34. Qxc3
bxc3 35. Ra4 d5 36. exd5 Bxd5 37. Ra7+ Rf7 38. Rxf7+ Kxf7 39. Ba4 Kf6 40. g3 Ke5
41. Kf2 Kd4 42. Bb5 e5 43. Ke2 g5 44. h4 h6 45. hxg5 hxg5 46. Bd7 e4 47. dxe4
Bxe4 48. Ba4 Bf5 49. Kf3 g4+ 50. Kf4 Be6 51. Bc6 Kc5 52. Be4 Bd7 53. Ke5 Ba4 54.
Bf5 Kc4 55. Bd3+ Kc5 56. Bf5 Kc4 57. Bd3+ {Game drawn by mutual agreement}
1/2-1/2